AoeStats
← El Fantasma de Pancho Villa

Arena

506426331Analyzed
4v4 RM · 20d ago on Sep 13, 2026· 52m 54s· 8 players
Game mode
Random Map
Map size
Large (8 player)
Population
200
Speed
Normal
Resources
Standard
Victory
Conquest
Starting age
Dark Age
Ending age
Imperial Age
RankedLock teamsTeams togetherTeam positionsShared explorationLock speedFull tech treeHidden civsTurbo modeCheats
Victory
Defeat
🇵🇪 Khmer · Peru
1143
+13
🇵🇪 Wei · Peru
1134
+13
🇹🇼 Portuguese · Taiwan
1091
+15
🇯🇴 Byzantines · Jordan
1087
+16
🇺🇸 Wei · United States
1099
-15
🇰🇿 Saracens · Kazakhstan
1083
-15
🇺🇸 Cumans · United States
1061
-14
🇺🇸 Franks · United States
1056
-13
CHOCORRAMERO
5:31 Loom
11:17 Feudal Age
11:43 Double-Bit Axe
12:38 Wheelbarrow
12:33 Gold Mining
16:33 Horse Collar
20:45 Castle Age
18:53 Stone Mining
21:51 Heavy Plow
22:30 Gold Shaft Mining
22:17 Fletching
25:48 Bodkin Arrow
27:46 Padded Archer Armor
28:58 Leather Archer Armor
29:00 Hand Cart
29:51 Bow Saw
30:59 Ballistics
31:43 Husbandry
31:55 Bloodlines
32:26 Stone Shaft Mining
32:41 Tuntian
33:40 Scale Barding Armor
33:36 Scale Mail Armor
33:25 Town Watch
35:20 Chain Barding Armor
35:18 Thumb Ring
37:37 Town Patrol
41:10 Imperial Age
42:30 Parthian Tactics
42:14 Bracer
42:45 Ring Archer Armor
44:18 Chemistry
45:54 Crop Rotation
47:14 Ming Guang Armor
48:55 Elite Tiger Cavalry
DerkerTheBerserker
5:38 Loom
11:11 Feudal Age
15:26 Castle Age
13:57 Double-Bit Axe
16:56 Bow Saw
21:40 Wheelbarrow
22:28 Town Watch
23:41 Hand Cart
23:40 Gold Mining
23:41 Stone Mining
26:21 Gold Shaft Mining
26:42 Forging
26:38 Scale Barding Armor
26:52 Pikeman
27:33 Squires
27:21 Arson
32:47 Imperial Age
30:18 Town Patrol
31:01 Iron Casting
30:27 Scale Mail Armor
30:47 Chain Barding Armor
30:38 Husbandry
29:58 Light Cavalry
32:59 Chain Mail Armor
33:19 #83
33:18 Cavalier
34:29 Conscription
35:52 Blast Furnace
34:17 Halberdier
36:21 Chemistry
36:10 Heavy Scorpion
38:22 Hoardings
37:11 Paladin
39:55 Caravan
41:24 Plate Barding Armor
49:06 Fletching
49:40 Ballistics
49:31 Masonry
El Fantasma de Pancho Villa
13:51 Feudal Age
17:09 Man-at-Arms
18:22 Scale Mail Armor
21:16 Double-Bit Axe
22:43 Stone Mining
22:44 Gold Mining
29:24 Horse Collar
30:33 Wheelbarrow
34:42 Castle Age
35:08 Pikeman
36:11 Forging
36:43 Chain Mail Armor
37:40 Heavy Plow
37:22 Capped Ram
39:52 Iron Casting
42:54 Imperial Age
41:16 Hand Cart
41:14 Bow Saw
43:15 Bloodlines
43:12 Scale Barding Armor
43:17 Elite Steppe Lancer
44:59 Blast Furnace
44:19 Chain Barding Armor
43:51 Halberdier
45:33 Plate Mail Armor
47:07 Two-Man Saw
46:44 Squires
46:30 Arson
47:37 Plate Barding Armor
Samuraika01
5:06 Loom
11:17 Feudal Age
12:17 Double-Bit Axe
16:03 Castle Age
14:48 Horse Collar
15:00 Gold Mining
17:28 Wheelbarrow
18:31 Loom
21:16 Bow Saw
21:11 Heavy Plow
24:44 Stone Mining
26:38 Scale Barding Armor
26:43 Forging
28:01 Hand Cart
30:51 Bimaristan
31:46 Iron Casting
31:16 Scale Barding Armor
36:02 Imperial Age
33:55 Chain Barding Armor
35:21 Gold Shaft Mining
36:09 Bloodlines
36:00 Husbandry
36:34 Heavy Camel Rider
39:33 Two-Man Saw
41:00 Elite Mameluke
小沁
11:10 Feudal Age
14:42 Castle Age
13:13 Double-Bit Axe
25:14 Loom
39:46 Fervor
39:58 Sanctity
48:04 Imperial Age
50:14 Wheelbarrow
50:35 Treadmill Crane
51:57 Chemistry
51:58 Hand Cart
53:13 Ballistics
[LHS] nw.inkakkola
10:35 Feudal Age
15:04 Castle Age
13:35 Double-Bit Axe
13:31 Horse Collar
15:57 Bow Saw
15:50 Heavy Plow
18:09 Loom
22:13 Bloodlines
22:19 Scale Barding Armor
22:43 Light Cavalry
24:50 Forging
27:51 Gold Mining
30:07 Wheelbarrow
30:07 Town Watch
31:20 Iron Casting
34:56 Imperial Age
33:42 Chain Barding Armor
34:19 Hand Cart
34:19 Husbandry
35:09 Tuntian
36:52 Crop Rotation
36:51 Conscription
38:06 Blast Furnace
36:36 Heavy Hei Guang Cavalry
38:22 Stone Mining
39:11 Gold Shaft Mining
39:54 Ming Guang Armor
40:54 Ballistics
46:23 Chemistry
46:53 Heavy Scorpion
49:20 Stone Shaft Mining
48:35 Elite Tiger Cavalry
Dylan-23
5:29 Loom
11:05 Feudal Age
11:34 Double-Bit Axe
11:29 Horse Collar
17:45 Castle Age
17:14 Gold Mining
17:14 Stone Mining
18:37 Wheelbarrow
19:20 Bow Saw
23:04 Gold Shaft Mining
25:09 Heavy Plow
29:00 Ballistics
29:53 Town Watch
30:25 Hand Cart
32:49 Imperial Age
31:21 Scale Barding Armor
33:10 Forging
33:20 Chain Barding Armor
33:42 Husbandry
33:52 Bloodlines
33:33 Heavy Scorpion
34:17 Double Crossbow
35:26 Chemistry
36:12 Elite Battle Elephant
39:25 Siege Engineers
39:32 Masonry
40:09 Stone Shaft Mining
41:15 Iron Casting
41:15 Plate Barding Armor
43:48 Tusk Swords
44:12 Conscription
47:23 Town Patrol
48:02 Crop Rotation
52:31 Murder Holes
53:07 Architecture
Koko
9:38 Feudal Age
15:20 Castle Age
14:22 Double-Bit Axe
16:20 Horse Collar
24:29 Heavy Plow
27:54 Imperial Age
25:11 Loom
26:33 Bow Saw
26:16 Gold Mining
28:55 Wheelbarrow
28:43 Padded Archer Armor
28:35 Fletching
28:46 Scale Mail Armor
28:58 Forging
28:28 Crossbowman
30:16 Two-Man Saw
28:53 Pikeman
29:34 Squires
29:19 Arson
30:00 Arbalester
30:42 Bodkin Arrow
31:03 Leather Archer Armor
32:32 Chemistry
31:53 Ballistics
31:20 Halberdier
32:39 Thumb Ring
34:04 Bracer
34:28 Chain Mail Armor
35:18 Iron Casting
Connection lost

Rejoining the realm…

Still unreachable

The connection could not be restored.

Session expired

The server has moved on; the page needs a fresh start.